 Dungeon Crawl Stone Soup version 0.31-a0-267-g3fc6992b3b (webtiles) character file.

Game seed: 1326683223369312193

16 qw the Shooter (level 2, 0/24 HPs)
             Began as a Minotaur Hexslinger on July 13, 2023.
             Slain by a kobold
             ... wielding a +0 whip
              (4 damage)
             ... on level 1 of the Dungeon.
             The game lasted 00:00:07 (162 turns).

qw the Shooter (Minotaur Hexslinger)                 Turns: 162, Time: 00:00:07

Health: 0/24       AC:  2    Str: 12    XL:     2   Next: 37%
Magic:  2/2        EV: 12    Int: 10    God:
Gold:   27         SH:  0    Dex: 12    Spells: 2/3 levels left

rFire   . . .        a - +1 sling
rCold   . . .        (no shield)
rNeg    . . .        c - +0 robe
rPois   .            (helmet restricted)
rElec   .            (no cloak)
rCorr   .            (no gloves)
SInv    .            (no boots)
Will    .....        (no amulet)
Stlth   +            (no ring)
HPRegen 0.24/turn    (no ring)
MPRegen 0.08/turn

%: no passive effects
@: no status effects
A: horns 2, retaliatory headbutt
a: no special abilities


You were on level 1 of the Dungeon.
You visited 1 branch of the dungeon, and saw 1 of its levels.

You collected 27 gold pieces.


Innate Abilities, Weirdness & Mutations

You have a pair of horns on your head.
You reflexively headbutt those who attack you in melee.


   Skills:
 + Level 2.0 Fighting
 - Level 3.0 Ranged Weapons
 - Level 2.1 Dodging
 - Level 1.0 Spellcasting
 - Level 2.0 Hexes


You had 2 spell levels left.
You knew the following spells:

 Your Spells              Type           Power      Damage    Failure   Level
a - Slow                  Hex            16%        N/A       16%         1

Your spell library contained the following spells:

 Spells                   Type           Power      Damage    Failure   Level
 Inner Flame              Hex/Fire       2%         N/A       56%         3
 Portal Projectile        Hex/Tloc       4%         N/A       56%         3
 Cause Fear               Hex            2%         N/A       83%         4

Inventory:

Hand Weapons
 a - a +1 sling (weapon)
Armour
 c - a +0 robe (worn)
 d - a +0 ring mail
Scrolls
 b - a scroll of poison
 f - a scroll of revelation {unknown}
 g - a scroll of teleportation {unknown}
Potions
 e - a potion of lignification {unknown}

Dungeon Overview and Level Annotations

Branches:
Dungeon (1/15)

Altars:


Message History

You shoot a sling bullet. The sling bullet misses the jackal.
The bat completely misses you. The jackal bites you.
The jackal closely misses you. You furiously retaliate!
You headbutt the jackal. The kobold closely misses you.
The jackal barely misses you.
You shoot a sling bullet.
The sling bullet barely misses the jackal.
The bat barely misses you. You furiously retaliate!
You headbutt the bat. The bat hits you but does no damage.
The jackal bites you. The bat barely misses you. You furiously retaliate!
You headbutt the bat. The jackal bites you.
The kobold hits you with a +0 dagger. The jackal barely misses you.
The jackal misses you.
You shoot a sling bullet. The sling bullet hits the jackal.
You kill the jackal!
The bat hits you but does no damage. The kobold hits you with a +0 dagger.
The jackal barely misses you. The hobgoblin barely misses you.
You shoot a sling bullet.
The sling bullet closely misses the bat.
The bat closely misses you. The jackal closely misses you.
The jackal completely misses you. The hobgoblin closely misses you.
You furiously retaliate!
You headbutt the hobgoblin!
You kill the hobgoblin!
The kobold hits you with a +0 dagger.
You shoot a sling bullet.
The sling bullet closely misses the kobold.
The bat hits you but does no damage. The jackal closely misses you.
The kobold closely misses you. You furiously retaliate!
You headbutt the kobold. The kobold barely misses you.
The jackal barely misses you.
You shoot a sling bullet.
The sling bullet hits the bat but does no damage.
The bat is severely wounded.
The bat closely misses you. You furiously retaliate!
You headbutt the bat!
You kill the bat!
The jackal bites you but does no damage.
The kobold barely misses you. The kobold hits you but does no damage.
Your Fighting skill increases to level 2!
You shoot a sling bullet.
The sling bullet barely misses the kobold.
The jackal bites you but does no damage.
The kobold barely misses you. The kobold hits you with a +0 whip.
You die...

########## .
#........######## ..
#........#....... .
.###........#.......
..............#.......
....#.........#.......
......hK%.....#.......
#K@......#.......
###...#.#..#
###......######
.....##.......### ...
####.#........... ....
###%#...........
.....##..............#
.....................#
....#..#.........(...#


You could see a jackal and 2 kobolds.

Vanquished Creatures
  A dart slug (D:1)
  2 bats (D:1)
  An endoplasm (D:1)
  A hobgoblin (D:1)
  2 jackals (D:1)
  2 quokkas (D:1)
  2 ball pythons (D:1)
11 creatures vanquished.

Notes
Turn   | Place    | Note
-------+----------+-------------------------------------------
     0 | D:1      | qw the Minotaur Hexslinger began the quest for the Orb.
     0 | D:1      | Reached XP level 1. HP: 16/16 MP: 1/1
     0 | D:1      | 0 ||| qw: Version: 0.3-a-52-g30416fa
     0 | D:1      | 0 ||| qw: Game counter: 7743
     0 | D:1      | 0 ||| qw: Melee chars always use a shield: true
     0 | D:1      | 0 ||| qw: God list: Okawaru
     0 | D:1      | 0 ||| qw: Allow faded altars: false
     0 | D:1      | 0 ||| qw: Do Orc after clearing Dungeon:15 true
     0 | D:1      | 0 ||| qw: Do second Lair branch before Depths: true
     0 | D:1      | 0 ||| qw: Lair rune preference: random
     0 | D:1      | 0 ||| qw: Goals: Normal
     0 | D:1      | 0 ||| PLANNING D:1-11
   102 | D:1      | Reached skill level 3 in Ranged Weapons
   107 | D:1      | Reached XP level 2. HP: 23/23 MP: 2/2
   159 | D:1      | HP: 3/24 [kobold/+0 dagger (4)]
   162 | D:1      | Slain by a kobold

Levels and vault maps discovered:
D:1:      dpeg_arrival_arbitrary_b, layout_rooms, dk_noncrumbling_3,
          hex_intersection

Skill      XL: |  1  2 |
---------------+-------+-----
Ranged Weapons | 3 |  3.0
Fighting       | 2 |  2.0
Dodging        | |  2.1
Spellcasting   | |  1.0
Hexes          | |  2.0

Action                     || total
---------------------------++-------
   Fire: Sling             ||    38
 Armour: Robe              ||     9
  Dodge: Dodged            ||    35

Table legend:
 A = Non-vault XP
 B = Vault XP
 C = Vault XP percentage of total XP
 D = Non-vault monster count
 E = Vault monster count
 F = Vault count percentage of total count
                 A         B        C        D         E       F
            +---------+---------+-------+---------+---------+-------
      Total |      23 |       0 |   0.0 |      11 |       0 |   0.0
            +---------+---------+-------+---------+---------+-------
        D:1 |      23 |       0 |   0.0 |      11 |       0 |   0.0
            +---------+---------+-------+---------+---------+-------
